 Dungeon Crawl Stone Soup version 0.28.0-45-g0d030f2227 (webtiles) character file.

Game seed: 2095608550478062088

63 zeratav the Insei (level 4, -5/29 HPs)
             Began as an Octopode Transmuter on Apr 11, 2022.
             Slain by Crazy Yiuf
             ... wielding a +3 quarterstaff of chaos
              (13 damage)
             ... on level 2 of the Dungeon.
             The game lasted 00:01:59 (2590 turns).

zeratav the Insei (Octopode Transmuter)             Turns: 2590, Time: 00:02:00

Health: -5/29      AC:  1    Str:  9    XL:     4   Next: 9%
Magic:  6/7        EV: 18    Int: 15    God:
Gold:   159        SH:  0    Dex: 14    Spells: 6/7 levels left

rFire   . . .      SeeInvis .     - Unarmed
rCold   . . .      Faith    .   (no shield)
rNeg    . . .      Spirit   .   (helmet currently unavailable)
rPois   .          Reflect  .   (no amulet)
rElec   .          Harm     .   (no ring)
rCorr   .          Rampage  .   (no ring)
Will    .....                   (no ring)
Stlth   +++.......              (no ring)
HPRegen 0.09/turn               (no ring)
MPRegen 0.10/turn               (no ring)
                                (no ring)
                                (no ring)

@: agile, appendages (expiring)
A: tentacle spike 3, almost no armour, amphibious, 8 rings, camouflage 1,
gelatinous body 1, (nimble swimmer 1), tentacles
a: End Transformation


You were on level 2 of the Dungeon.
One of your tentacles had grown a beastly spike.
You visited 1 branch of the dungeon, and saw 2 of its levels.

You collected 159 gold pieces.


Innate Abilities, Weirdness & Mutations

One of your tentacles has grown a beastly spike.
You cannot wear most types of armour.
You are amphibious.
You can wear up to eight rings at the same time.
Your skin changes colour to match your surroundings (Stealth+).
Your rubbery body absorbs attacks. (AC +1, EV +1)
((You are camouflaged when in or above water. (Stealth+)))
You have tentacles for arms and can constrict up to eight enemies at once.


   Skills:
 + Level 1.8 Fighting
 + Level 2.6 Dodging
 + Level 2.0 Stealth
 * Level 3.8 Unarmed Combat
 - Level 2.0 Spellcasting
 - Level 2.0 Transmutations


You had 6 spell levels left.
You knew the following spells:

 Your Spells              Type           Power      Damage    Failure   Level
a - Beastly Appendage     Tmut           14%        N/A       10%         1

Your spell library contained the following spells:

 Spells                   Type           Power      Damage    Failure   Level
 Wereblood                Tmut           7%         N/A       14%         2
 Summon Small Mammal      Summ           4%         N/A       22%         1
 Spider Form              Tmut/Pois      4%         N/A       41%         3
 Call Canine Familiar     Summ           1%         N/A       54%         3
 Summon Guardian Golem    Hex/Summ       1%         N/A       54%         3
 Ice Form                 Ice/Tmut       4%         N/A       82%         4

Inventory:

Scrolls
 a - a scroll of immolation {unknown}
 d - a scroll of teleportation {unknown}
 e - a scroll of identify {unknown}
Potions
 b - a potion of resistance {unknown}
 c - a potion of curing {unknown}
 f - 3 potions of ambrosia {unknown}

Dungeon Overview and Level Annotations

Branches:
Dungeon (2/15)

Altars:
Nemelex Xobeh

Annotations:
D:2 Crazy Yiuf

#..##.#.#.########.##
#.......#.# #.# ###
##........# #.# #..
#.######## ### #.#
#.# ### #.#
#.###♣♣♣♣♣ #.## #.#
#.##...♣)♣♣♣ ####
#..## ##.#
#.......♣.)♣#.).#
#...####...
#......♣♣♣♣.@g).#
#..<'...... #..#..♣♣
♣♣#..)# #...####...
#####♣♣ #### #..##
##.. #.## ### ### #
### ### # #.# #.# #
#.# #.# #
#.########.## #


You could see Crazy Yiuf.


Message History

You see here 6 boomerangs {throwing}.
An orc comes into view. It is wielding a +0 club.
MP[+1]
Your mp is fully restored (6).
One of your tentacles grows a vicious spike.
MP[-1]
You lost 1 mp, and now have 5/6 mp.
The orc shouts!
The orc closely misses you.
You barely miss the orc. You grab the orc.
Your tentacle spike misses the orc.
You constrict the orc, but do no damage.
The orc hits you but does no damage.
You tentacle-slap the orc but do no damage.
You pierce the orc, but do no damage.
You squeeze the orc.
You constrict the orc, but do no damage.
The orc hits you with a +0 club.
HP[-5]
You take 5 damage, and now have 19/24 hp.
MASSIVE DAMAGE!! (PAUSE)
You tentacle-slap the orc but do no damage.
You pierce the orc.
You squeeze the orc.
You kill the orc!
No target in view!
No target in view!
No target in view!
No target in view!
No target in view!
No target in view!
No target in view!
No target in view!
No target in view!
No target in view!
No target in view!
No target in view!
No target in view!
No target in view!
No target in view!
Your transformation is almost over.
Your tentacle spike disappears.
Items here: ( ) [ †.
HP[+5] MP[+1]
Your hp is fully restored (24).
Your mp is fully restored (6).
Items here: ( ) [ †.
You open the door.
An adder comes into view.
Found an escape hatch in the ceiling.
One of your tentacles grows a vicious spike.
The adder hisses angrily.
The adder barely misses you.
MP[-1]
You lost 1 mp, and now have 5/6 mp.
You tentacle-slap the adder but do no damage.
Your grab misses the adder.
You pierce the adder, but do no damage.
You squeeze the adder. The adder barely misses you.
The adder bites you but does no damage.
You tentacle-slap the adder. You grab the adder.
You pierce the adder.
You kill the adder!
Your Stealth skill increases to level 2!
You have reached level 4!
HP[+5]
You now have 29 max hp (+5).
Your hp is fully restored (29).
Your transformation is almost over.
Your tentacle spike disappears.
There is an open door here.
There is an escape hatch in the ceiling here.
There is an escape hatch in the ceiling here.
There is an open door here.
You see here a +0 mace {mace}.
You see here a +0 mace {mace}.
MP[+2]
Your mp is fully restored (7).
Could not explore, unopened runed door.
One of your tentacles grows a vicious spike.
Crazy Yiuf shouts!
MP[-1]
You lost 1 mp, and now have 6/7 mp.
You open the door.
Crazy Yiuf says, "Island canine sanguine!"
Crazy Yiuf hits you with a +3 quarterstaff of chaos.
There is an open translucent door here.
HP[-6]
You take 6 damage, and now have 23/29 hp.
MASSIVE DAMAGE!! (PAUSE)
You barely miss Crazy Yiuf. Your grab misses Crazy Yiuf.
You pierce Crazy Yiuf, but do no damage.
Crazy Yiuf hits you with a +3 quarterstaff of chaos!
Ouch! That really hurt!
* * * LOW HITPOINT WARNING * * *
You feel agile all of a sudden.
HP[-15]
You take 15 damage, and now have 8/29 hp.
MASSIVE DAMAGE!! (PAUSE)
You closely miss Crazy Yiuf. Your grab misses Crazy Yiuf.
You pierce Crazy Yiuf, but do no damage.
Your transformation is almost over.
Crazy Yiuf closely misses you.
You tentacle-slap Crazy Yiuf. Your grab misses Crazy Yiuf.
You squeeze Crazy Yiuf!
Crazy Yiuf hits you with a +3 quarterstaff of chaos!
You die...

Skill      XL: |  1  2  3 |
---------------+----------+-----
Stealth        | 1 2 |  2.0
Fighting       | |  1.8
Dodging        | |  2.6
Unarmed Combat | |  3.8
Spellcasting   | |  2.0
Transmutations | |  2.0

Action                   |  1- 3 |  4- 6 || total
-------------------------+-------+-------++-------
Melee: Unarmed           |    54 |     3 ||    57
       Constrict         |    20 |       ||    20
       Tentacles         |    17 |     1 ||    18
       Kick              |    21 |     2 ||    23
       Punch             |     1 |       ||     1
 Cast: Beastly Appendage |    26 |     1 ||    27
 Stab: Sleeping          |     8 |       ||     8
Armor: Skin              |     4 |       ||     4
Dodge: Dodged            |    31 |     1 ||    32

Levels and vault maps discovered:
D:1:      dpeg_arrival_round_a, layout_loops_corners
D:2:      layout_loops_corners, basic_altar, uniq_crazy_yiuf_cottage

Notes
Turn   | Place    | Note
-------+----------+-------------------------------------------
     0 | D:1      | zeratav the Octopode Transmuter began the quest for the
                  | Orb.
     0 | D:1      | Reached XP level 1. HP: 13/13 MP: 3/3
     0 | D:1      | magus.rc [v1.9.6]
   129 | D:1      | You pick up a book of Callings and begin reading...
   129 | D:1      | You add the spells Summon Small Mammal, Call Canine
                  | Familiar and Summon Guardian Golem to your library.
   228 | D:1      | Reached XP level 2. HP: 8/18 MP: 3/5
   536 | D:1      | Reached skill level 1 in Stealth
  1224 | D:1      | Reached XP level 3. HP: 23/23 MP: 4/6
  1373 | D:2      | Found a sparkling altar of Nemelex Xobeh.
  1675 | D:2      | Found a runed translucent door.
  1676 | D:2      | Noticed Crazy Yiuf
  2505 | D:2      | Reached skill level 2 in Stealth
  2505 | D:2      | Reached XP level 4. HP: 29/29 MP: 5/7
  2590 | D:2      | Slain by Crazy Yiuf

Vanquished Creatures
  3 adders (D:2)
  A worm (D:2)
  A dart slug (D:1)
  An orc (D:2)
  2 bats
  An endoplasm (D:1)
  3 giant cockroaches
  A goblin (D:1)
  4 hobgoblins (D:1)
  4 jackals (D:1)
  3 kobolds
  3 ball pythons
  A rat (D:1)
28 creatures vanquished.

Table legend:
 A = Non-vault XP
 B = Vault XP
 C = Vault XP percentage of total XP
 D = Non-vault monster count
 E = Vault monster count
 F = Vault count percentage of total count
                 A         B        C        D         E       F
            +---------+---------+-------+---------+---------+-------
      Total |      90 |       0 |   0.0 |      28 |       0 |   0.0
            +---------+---------+-------+---------+---------+-------
        D:1 |      35 |       0 |   0.0 |      18 |       0 |   0.0
        D:2 |      55 |       0 |   0.0 |      10 |       0 |   0.0
            +---------+---------+-------+---------+---------+-------

Illustrated notes

Table legend:
 A = Kills in this place as a percentage of kills in entire the game.
 B = Kills by you in this place as a percentage of kills by you in the entire game.
 C = Kills by friends in this place as a percentage of kills by friends in the entire game.
 D = Other kills in this place as a percentage of other kills in the entire game.
 E = Experience gained in this place as a percentage of experience gained in the entire game.
 F = Experience gained in this place divided by the number of levels of this place that you have seen.
                   A       B       C       D       E      F
               +-------+-------+-------+-------+-------+----------------------
         Total | 100.0 | 100.0 |   N/A |   N/A | 100.0 |  45.0
       Dungeon | 100.0 | 100.0 |   N/A |   N/A | 100.0 |  45.0
               +-------+-------+-------+-------+-------+----------------------

Table legend: (Time is in decaauts)
 A = Elapsed time spent in this place.
 B = Non-inter-level travel time spent in this place.
 C = Inter-level travel time spent in this place.
 D = Time resting spent in this place.
 E = Time spent auto-exploring this place.
 F = Levels seen in this place.
 G = Mean time per level.
                   A        B        C        D        E       F      G
               +--------+--------+--------+--------+--------+-----+--------+
         Total |   2586 |   2570 |     16 |    292 |   2063 |   2 | 1293.0 |
       Dungeon |   2586 |   2570 |     16 |    292 |   2063 |   2 | 1293.0 |
               +--------+--------+--------+--------+--------+-----+--------+

Top non-repeatable levels by time:
     D:1: 1305 daAuts
     D:2: 1280 daAuts
